[Event "Titled Tuesday Blitz May 30 Early 2023"]
[White "Rustemov, Alexander"]
[Black "Andreev, Konstantin"]
[WhiteFideId "4119002"]
[BlackFideId "24239305"]
[WhiteElo "2847"]
[BlackElo "2106"]
[Result "1-0"]
[Round "01"]
[TimeControl "180+2"]
[Date "2023.05.30"]
[WhiteClock "0:01:52"]
[BlackClock "0:01:47"]

1. d4 Nf6 2. c4 e6 3. Nf3 d5 4. Nc3 dxc4 5. e4 b5 6. e5 Nd5 7. Nxb5 Nb6 8. Be2 Nc6 9. a3 Be7 10. Be3 O-O 11. Qc2 Ba6 12. Nc3 Na5 13. Nd2 Rb8 14. O-O h6 15. Rfd1 Nd5 16. Nce4 Nxe3 17. fxe3 Nb3 18. Nxb3 cxb3 19. Qd2 Bxe2 20. Qxe2 Qd5 21. Qf3 Kh8 22. Rac1 Rb7 23. Nc5 Qxf3 24. gxf3 Rb6 25. Nd7 Bg5 26. f4 1-0


[Site "https://www.chess.com"]

[Event "Titled Tuesday Blitz May 30 Early 2023"]
[White "Filgueira, Hernan"]
[Black "Rozen, Eytan"]
[WhiteFideId "101770"]
[BlackFideId "2816750"]
[WhiteElo "2363"]
[BlackElo "2451"]
[Result "0-1"]
[Round "01"]
[TimeControl "180+2"]
[Date "2023.05.30"]
[WhiteClock "0:00:43"]
[BlackClock "0:00:18"]

1. Nf3 d5 2. g3 Nd7 3. d4 Nb6 4. Bg2 Bf5 5. O-O Nf6 6. a4 a5 7. c3 e6 8. Bf4 Bd6 9. Bxd6 cxd6 10. Nbd2 O-O 11. Qb3 Ne4 12. Rfd1 Rc8 13. Nxe4 dxe4 14. Nd2 d5 15. e3 Qd6 16. Rf1 h5 17. h4 Nc4 18. Nxc4 Rxc4 19. Qa3 Qc7 20. Rfe1 Bg4 21. Bf1 Rc6 22. Bb5 Bf3 23. Be2 e5 24. dxe5 Qxe5 25. Qb3 Rg6 26. Bxf3 exf3 27. Qc2 Rg4 28. Rad1 f5 29. Rd4 f4 30. Qd1 fxg3 31. Rxd5 gxf2+ 32. Kf1 Rg1+ 0-1


[Site "https://www.chess.com"]

[Event "Titled Tuesday Blitz May 30 Early 2023"]
[White "Molina, Roberto Junio Brito"]
[Black "Fernandez Garcia, Gumersindo"]
[WhiteFideId "2109450"]
[BlackFideId "24516740"]
[WhiteElo "2376"]
[BlackElo "2093"]
[Result "1-0"]
[Round "01"]
[TimeControl "180+2"]
[Date "2023.05.30"]
[WhiteClock "0:00:10"]
[BlackClock "0:00:02"]

1. d4 Nf6 2. Nf3 e6 3. e3 c5 4. Bd3 b6 5. O-O Bb7 6. Qe2 Be7 7. c3 O-O 8. e4 d5 9. e5 Ne4 10. Nbd2 Nxd2 11. Bxd2 Nd7 12. b4 cxb4 13. cxb4 Rc8 14. b5 h6 15. a4 Re8 16. Rfc1 Nf8 17. g3 Qd7 18. a5 Rxc1+ 19. Rxc1 Rc8 20. a6 Rxc1+ 21. Bxc1 Bc8 22. Qc2 Bd8 23. Ba3 Qc7 24. Qxc7 Bxc7 25. Ne1 Bd7 26. Nc2 f6 27. f4 Kf7 28. Kf2 f5 29. h3 h5 30. g4 hxg4 31. hxg4 g6 32. Kg3 Nh7 33. Ne3 Be8 34. Bb4 Nf8 35. Be1 Kg7 36. Kh3 Kf7 37. Bh4 Nh7 38. Kg3 Nf8 39. Bf6 Nh7 40. g5 Nf8 41. Ng2 Nh7 42. Nh4 Nf8 43. Nf3 Nh7 44. Kf2 Nf8 45. Ke2 Bd7 46. Kd2 Nh7 47. Kc3 Nf8 48. Kb4 Be8 49. Ne1 Nh7 50. Nc2 Nf8 51. Ne3 Nh7 52. Nd1 Nf8 53. Nc3 Nd7 54. Na4 Nf8 55. Nb2 Nh7 56. Nd1 Nf8 57. Nc3 Nh7 58. Kb3 Nf8 59. Na2 Nh7 60. Nb4 Nf8 61. Nc6 Bxc6 62. bxc6 Nh7 63. Kb4 Nf8 64. Kb5 Nh7 65. Be2 Nf8 66. Bd1 Nh7 67. Bb3 Nf8 68. Bc2 Nh7 69. Bd3 Nf8 70. Bh8 Nh7 71. Be2 Nf8 72. Bf6 Nh7 73. Bd8 Bxd8 74. c7 Bxc7 75. Kc6 Bd8 76. Kd6 Nf8 77. Kc6 Ke7 78. Kb7 Kd7 79. Bb5+ Ke7 80. Kxa7 Nd7 81. Kb7 Nf8 82. a7 1-0


[Site "https://www.chess.com"]

[Event "Titled Tuesday Blitz May 30 Early 2023"]
[White "Girsh, Daniel"]
[Black "Mitrabha, Guha"]
[WhiteFideId "30949190"]
[BlackFideId "5057000"]
[WhiteElo "2075"]
[BlackElo "2507"]
[Result "1-0"]
[Round "01"]
[TimeControl "180+2"]
[Date "2023.05.30"]
[WhiteClock "0:01:01"]
[BlackClock "0:01:26"]

1. e4 c6 2. d4 d5 3. e5 Bf5 4. h4 h5 5. Bd3 Bxd3 6. Qxd3 e6 7. Bg5 Qa5+ 8. Nd2 Qa6 9. c4 Ne7 10. Ne2 Nf5 11. Ng3 g6 12. Nxf5 gxf5 13. O-O Nd7 14. Rfc1 Be7 15. Bxe7 Kxe7 16. Qe3 Rhg8 17. cxd5 cxd5 18. Rc7 Rg4 19. Nf3 Rag8 20. Ng5 Qa5 21. Rac1 Rxh4 22. Nxf7 Rhg4 23. Qh6 Rxg2+ 24. Kh1 R2g4 25. Qf6+ 1-0


[Site "https://www.chess.com"]

[Event "Titled Tuesday Blitz May 30 Early 2023"]
[White "Mahdavi, Reza"]
[Black "Herman, Daniel"]
[WhiteFideId "12595926"]
[BlackFideId "30935008"]
[WhiteElo "2352"]
[BlackElo "1897"]
[Result "0-1"]
[Round "01"]
[TimeControl "180+2"]
[Date "2023.05.30"]
[WhiteClock "0:00:16"]
[BlackClock "0:00:15"]

1. e4 g6 2. d4 Bg7 3. Nc3 d6 4. Nf3 Nf6 5. Be2 O-O 6. O-O e5 7. dxe5 dxe5 8. a4 Nc6 9. b3 h6 10. Ba3 Re8 11. Nb5 Nxe4 12. Qxd8 Rxd8 13. Nxc7 Rb8 14. Bc4 Bg4 15. Rfe1 Bxf3 16. gxf3 Nd2 17. Bd5 Nd4 18. Kg2 Rbc8 19. c3 Rxc7 20. cxd4 Rxd5 21. dxe5 Rxe5 22. Rxe5 Bxe5 23. Re1 f6 24. b4 Rc2 25. b5 Nc4 26. Bc1 Kf7 27. Rd1 g5 28. h4 Ke6 29. hxg5 hxg5 30. f4 gxf4 31. Kf3 Rc3+ 32. Kg2 f3+ 33. Kh3 Rc2 34. Rf1 Bd4 35. Kg3 Ne5 36. Bf4 Nd3 37. Rd1 Nxf4 38. Kxf4 Bxf2 39. Kxf3 Bb6 40. Ra1 Rc3+ 41. Ke2 a5 42. bxa6 bxa6 43. Rb1 Bc5 44. Rb8 a5 45. Re8+ Kf5 46. Rb8 Bb4 47. Rb5+ Kg6 48. Rd5 Ra3 49. Rc5 0-1


[Site "https://www.chess.com"]

[Event "Titled Tuesday Blitz May 30 Early 2023"]
[White "Gurevich, Dmitry"]
[Black "Lobanov, Sergei"]
[WhiteFideId "2000407"]
[BlackFideId "24183750"]
[WhiteElo "2506"]
[BlackElo "2501"]
[Result "0-1"]
[Round "01"]
[TimeControl "180+2"]
[Date "2023.05.30"]
[WhiteClock "0:01:06"]
[BlackClock "0:01:26"]

1. d4 Nf6 2. c4 e6 3. Nf3 d5 4. Nc3 Bb4 5. e3 O-O 6. Bd3 c5 7. cxd5 exd5 8. a3 Bxc3+ 9. bxc3 c4 10. Bc2 Re8 11. Ne5 Nc6 12. Nxc6 bxc6 13. f3 Bd7 14. O-O Qc8 15. e4 dxe4 16. Bg5 e3 17. Qe2 Nd5 18. f4 Bf5 19. Bxf5 Qxf5 20. Qxc4 e2 21. Rfe1 h6 22. Bh4 Nxf4 23. Ra2 Qe4 0-1


[Site "https://www.chess.com"]

[Event "Titled Tuesday Blitz May 30 Early 2023"]
[White "Hayrapetyan, Hovik"]
[Black "Urquhart, Ed"]
[WhiteFideId "13302639"]
[BlackFideId "2603748"]
[WhiteElo "2348"]
[BlackElo "2184"]
[Result "1-0"]
[Round "01"]
[TimeControl "180+2"]
[Date "2023.05.30"]
[WhiteClock "0:01:34"]
[BlackClock "0:00:37"]

1. d4 Nf6 2. c4 e6 3. Nc3 Bb4 4. Nf3 c5 5. g3 d5 6. Bg2 dxc4 7. O-O O-O 8. Bg5 cxd4 9. Nxd4 h6 10. Bxf6 Qxf6 11. Ne4 Qe7 12. Qc2 Nd7 13. Qxc4 Nb6 14. Qb3 e5 15. Nc2 Ba5 16. Qb5 f5 17. Nc5 Bd2 18. e3 f4 19. Ne4 Bd7 20. Qd3 Ba5 21. b4 f3 22. Bh1 Rad8 23. bxa5 Bh3 24. Qb3+ Be6 25. Qa3 Qxa3 26. Nxa3 Nd5 27. Nc5 Bf7 28. Nxb7 Rb8 29. Nc5 e4 30. Nxe4 1-0


[Site "https://www.chess.com"]

[Event "Titled Tuesday Blitz May 30 Early 2023"]
[White "Novikov, Evgenij"]
[Black "Sethuraman, S.P."]
[WhiteFideId "4125380"]
[BlackFideId "5021596"]
[WhiteElo "2242"]
[BlackElo "2543"]
[Result "0-1"]
[Round "01"]
[TimeControl "180+2"]
[Date "2023.05.30"]
[WhiteClock "0:00:02"]
[BlackClock "0:00:33"]

1. d4 d6 2. e4 g6 3. Nf3 Bg7 4. h3 Nf6 5. Bd3 Nc6 6. d5 Nb8 7. O-O O-O 8. c4 e5 9. Nc3 Nbd7 10. Ne1 a5 11. Bc2 Nh5 12. Be3 Nc5 13. a3 Bd7 14. b4 Na6 15. Rb1 b6 16. Nd3 Qe7 17. Kh2 f5 18. f3 f4 19. Bf2 Ng3 20. Re1 h5 21. c5 bxc5 22. bxc5 dxc5 23. Rb7 g5 24. Nb5 c4 25. Nb2 Rfb8 26. Rxb8+ Rxb8 27. a4 Qb4 28. Qc1 Nc5 29. Bd1 Bxb5 30. axb5 c3 31. Bxc5 cxb2 32. Qb1 Qxe1 0-1


[Site "https://www.chess.com"]

[Event "Titled Tuesday Blitz May 30 Early 2023"]
[White "Vitiugov, Nikita"]
[Black "Barbot, Pierre"]
[WhiteFideId "4152956"]
[BlackFideId "663727"]
[WhiteElo "2673"]
[BlackElo "2431"]
[Result "1-0"]
[Round "01"]
[TimeControl "180+2"]
[Date "2023.05.30"]
[WhiteClock "0:00:09"]
[BlackClock "0:00:00"]

1. e4 c6 2. d4 d5 3. e5 c5 4. dxc5 e6 5. Bd3 Nc6 6. Nf3 Bxc5 7. O-O f6 8. Qe2 fxe5 9. Nxe5 Nxe5 10. Qxe5 Nf6 11. Bb5+ Kf7 12. Nd2 Rf8 13. Nf3 Kg8 14. Bg5 Bd6 15. Qe2 Qc7 16. Rae1 Ne4 17. Bh4 e5 18. Bd3 Bf5 19. c4 Nc5 20. Bxf5 Rxf5 21. Bg3 e4 22. Nd4 Bxg3 23. Nxf5 Bxh2+ 24. Kh1 Qe5 25. cxd5 Bf4 26. Qg4 g6 27. Ng3 Kh8 28. Re2 Rf8 29. Rd1 Bxg3 30. fxg3 Rf5 31. d6 Rh5+ 32. Kg1 Nd3 33. Qc8+ Kg7 34. Qc3 1-0


[Site "https://www.chess.com"]

[Event "Titled Tuesday Blitz May 30 Early 2023"]
[White "Zheenbekov, Nurgazy"]
[Black "Bazeev, German"]
[WhiteFideId "13800485"]
[BlackFideId "24119350"]
[WhiteElo "1975"]
[BlackElo "2466"]
[Result "1/2-1/2"]
[Round "01"]
[TimeControl "180+2"]
[Date "2023.05.30"]
[WhiteClock "0:00:15"]
[BlackClock "0:01:20"]

1. e4 c5 2. Nf3 Nc6 3. Bb5 g6 4. O-O Bg7 5. Re1 Nf6 6. c3 O-O 7. e5 Nd5 8. d4 cxd4 9. cxd4 d6 10. h3 dxe5 11. dxe5 Bf5 12. Bxc6 bxc6 13. Nc3 Nxc3 14. bxc3 Qxd1 15. Rxd1 Be4 16. Re1 Bxf3 17. gxf3 Rfd8 18. Bg5 Kf8 19. Rab1 h6 20. Be3 Ke8 21. f4 Rd7 22. Kf1 e6 23. Ke2 Bf8 24. Red1 Rxd1 25. Kxd1 a5 26. Rb7 Be7 27. Kc2 a4 28. Kd3 h5 29. Kc4 Bd8 30. Bc5 Ra6 31. a3 Ra8 32. Bb4 Ra6 33. Bc5 Ra5 34. Rb8 Ra6 35. Rb7 1/2-1/2


[Site "https://www.chess.com"]

[Event "Titled Tuesday Blitz May 30 Early 2023"]
[White "Papadiamandis, Elliot"]
[Black "Marn, Jan"]
[WhiteFideId "36074160"]
[BlackFideId "14619245"]
[WhiteElo "2219"]
[BlackElo "2242"]
[Result "1-0"]
[Round "01"]
[TimeControl "180+2"]
[Date "2023.05.30"]
[WhiteClock "0:00:19"]
[BlackClock "0:00:00"]

1. e4 e5 2. Nf3 Nc6 3. Bc4 Bc5 4. d3 Nf6 5. c3 d6 6. Nbd2 h6 7. h3 a5 8. Bb3 Be6 9. Nf1 d5 10. Qe2 Qe7 11. Ba4 dxe4 12. dxe4 Nd7 13. Ne3 Bxe3 14. Bxe3 O-O 15. O-O Rfd8 16. Rfd1 Nc5 17. Bxc6 bxc6 18. Nxe5 Bxh3 19. Rxd8+ Rxd8 20. Bxc5 Qxe5 21. Bd4 Qg5 22. f4 Qg6 23. f5 Qg5 24. Be3 Qg4 25. Qxg4 Bxg4 26. b4 a4 27. Kf2 Rd1 28. Rxd1 Bxd1 29. Bf4 Bc2 30. Kf3 g6 31. fxg6 fxg6 32. Bxh6 Kf7 33. Bf4 Ke6 34. Bxc7 Bd3 35. a3 Bc4 36. Bf4 Bd3 37. Ke3 Bc4 38. g3 Bb5 39. Kd4 Kd7 40. c4 Ba6 41. Kc5 Bc8 42. e5 Bb7 43. Kb6 Bc8 44. c5 1-0


[Site "https://www.chess.com"]

[Event "Titled Tuesday Blitz May 30 Early 2023"]
[White "Fishchuk, Vladyslav"]
[Black "Baskakov, Egor"]
[WhiteFideId "34122117"]
[BlackFideId "24197866"]
[WhiteElo "2082"]
[BlackElo "2225"]
[Result "0-1"]
[Round "01"]
[TimeControl "180+2"]
[Date "2023.05.30"]
[WhiteClock "0:00:02"]
[BlackClock "0:00:50"]

1. e4 c5 2. Nf3 Nf6 3. e5 Nd5 4. Nc3 e6 5. Ne4 Nc6 6. c4 f5 7. cxd5 fxe4 8. dxc6 exf3 9. Qxf3 dxc6 10. Bd3 g6 11. O-O Bg7 12. Re1 Bd7 13. b3 Qg5 14. Bb2 O-O-O 15. Rac1 Qxd2 16. Re2 Qa5 17. Qe3 b6 18. a3 Be8 19. Be4 h5 20. f4 Rf8 21. b4 cxb4 22. axb4 Qxb4 23. Ba3 Qd4 24. Bxf8 Qxe3+ 25. Rxe3 Bxf8 26. Bxc6 Bxc6 27. Rxc6+ Kb7 28. Rcc3 Bc5 29. Rxc5 bxc5 30. Kf2 a5 31. Ke2 Rd4 32. g3 a4 33. Ra3 Kb6 34. Ke3 Kb5 35. h3 Rb4 36. Ra1 Rb3+ 37. Kf2 Kb4 38. g4 hxg4 39. hxg4 Rc3 40. f5 gxf5 41. gxf5 Rc4 42. f6 Rf4+ 43. Ke3 Rf5 44. Ke4 a3 45. Rb1+ Kc3 46. Rc1+ Kb3 47. Rxc5 a2 48. Rb5+ Ka4 49. Rb8 Rf1 50. Ra8+ Kb3 51. Rb8+ Kc4 52. Rc8+ Kb5 53. Rb8+ Kc6 54. Ra8 a1=Q 55. Rxa1 Rxa1 56. f7 Rf1 0-1


[Site "https://www.chess.com"]

[Event "Titled Tuesday Blitz May 30 Early 2023"]
[White "Atabayev, Yusup"]
[Black "Trifan, Andrei Ioan"]
[WhiteFideId "14001128"]
[BlackFideId "12967068"]
[WhiteElo "2473"]
[BlackElo "2208"]
[Result "1-0"]
[Round "01"]
[TimeControl "180+2"]
[Date "2023.05.30"]
[WhiteClock "0:00:31"]
[BlackClock "0:00:13"]

1. d4 Nf6 2. Nf3 g6 3. g3 Bg7 4. Bg2 O-O 5. O-O b6 6. b3 Bb7 7. Bb2 d5 8. c4 e6 9. Nc3 Nbd7 10. Rc1 a6 11. Qc2 c5 12. dxc5 Nxc5 13. Rfd1 Rc8 14. cxd5 exd5 15. Nxd5 Bxd5 16. Bxf6 Bxf6 17. Ne1 Ne4 18. Qxc8 Qxc8 19. Rxc8 Rxc8 20. Rxd5 Rc1 21. Kf1 Nc3 22. Rd2 Nb5 23. Rc2 Ra1 24. a4 Bc3 25. Bf3 Bxe1 26. axb5 axb5 27. Kg2 b4 28. Bd5 Bc3 29. e4 Rd1 30. Ra2 Ra1 31. Re2 Rd1 32. Re3 Rd2 33. Rf3 Kg7 34. Rxf7+ Kh6 35. h4 Bd4 36. g4 g5 37. hxg5+ Kxg5 38. e5 Bxe5 39. Rf5+ Kxg4 40. Rxe5 Kf4 41. Rh5 Rd3 42. Bc4 Rc3 43. Rb5 h5 44. Rxb4 Kg5 45. Rxb6 h4 46. Rb8 h3+ 47. Kh2 Rf3 48. Rg8+ Kh4 49. Rh8+ Kg5 50. Rxh3 Rxf2+ 51. Kg1 Rb2 52. Re3 Kf4 53. Re2 Rb1+ 54. Kf2 Kg4 55. Ke3 Rh1 56. Kd4 Rh8 57. Re5 1-0


[Site "https://www.chess.com"]

[Event "Titled Tuesday Blitz May 30 Early 2023"]
[White "Heinemann, Josefine"]
[Black "Bryakin, Mikhail"]
[WhiteFideId "12900460"]
[BlackFideId "4165314"]
[WhiteElo "2342"]
[BlackElo "2467"]
[Result "1/2-1/2"]
[Round "01"]
[TimeControl "180+2"]
[Date "2023.05.30"]
[WhiteClock "0:00:35"]
[BlackClock "0:00:25"]

1. e4 Nc6 2. Nf3 d5 3. exd5 Qxd5 4. Nc3 Qh5 5. Be2 Bg4 6. O-O O-O-O 7. h3 Bxf3 8. Bxf3 Qg6 9. d3 Nd4 10. Be3 e5 11. Bxd4 exd4 12. Ne2 Nf6 13. c3 dxc3 14. Nxc3 Qxd3 15. Qb3 Qa6 16. Qxf7 Bd6 17. Rac1 Kb8 18. Qxg7 Rhg8 19. Qf7 Rdf8 20. Qb3 Nd7 21. Bd5 Rg7 22. Ne4 Bf4 23. Rcd1 c6 24. Be6 Ne5 25. Nc5 Qb6 26. Qxb6 axb6 27. Nd7+ Nxd7 28. Rxd7 Rxd7 29. Bxd7 Be5 30. b3 Kc7 31. Be6 Kd6 32. Bc4 b5 33. Be2 Ra8 34. Rd1+ Kc5 35. Rd2 Bc3 36. Rc2 Kd4 37. g4 Rf8 38. Kg2 b4 39. Kg3 b5 40. f4 Ke4 41. Bf3+ Ke3 42. Re2+ Kd3 43. Re7 c5 44. Be2+ Kd4 45. Bxb5 h6 46. h4 Ra8 47. g5 hxg5 48. hxg5 Rxa2 49. g6 Ra1 50. f5 Kd5 51. Bc4+ Kd6 52. Re6+ Kd7 53. Kg2 Ra2+ 54. Kf3 Ra1 55. f6 Rf1+ 56. Ke2 Rxf6 57. Rxf6 Bxf6 58. Kf3 Ke7 59. Ke4 Kf8 60. Kf5 Bd4 61. Bd5 Kg7 62. Bc4 Kf8 63. Bd5 Ke7 64. Bc4 Bg7 65. Bd5 Bh8 66. Bc4 Kd6 67. Ke4 Bg7 68. Kf5 Bc3 69. Ke4 Ke7 70. Kf5 Kf8 71. Ke4 Kg7 72. Kf5 Kh6 73. Bd5 Bg7 74. Bc4 Bd4 75. Bd5 Kh5 76. Bc4 Bg7 77. Bd5 Kh6 78. Bc4 Bh8 79. Bd5 Kg7 80. Bc4 Kf8 81. Ke6 Bc3 82. Kd5 Bd4 83. Ke6 Bb2 84. Kf5 Kg7 85. Bd5 Ba1 86. Bc4 Kf8 87. Bd5 Ke7 88. Bc4 Kd7 89. Bd5 Kd6 90. Bc4 Bh8 91. Ke4 Bb2 92. Kf5 Ke7 93. Bd5 Ba1 94. Bc4 Bg7 95. Bd5 Bh6 96. Bc4 Kf8 97. Bd5 Bc1 98. Bc4 Bd2 99. Bd5 Be1 100. Bc4 Bh4 101. Bd5 Bd8 102. Bc4 Bc7 103. Bd5 Bd8 104. Bc4 Bh4 105. Bd5 Bf2 106. Bc4 Bg1 107. Bd5 Kg7 1/2-1/2


[Site "https://www.chess.com"]

[Event "Titled Tuesday Blitz May 30 Early 2023"]
[White "Mendonca, Leon Luke"]
[Black "Hirneise, Jens"]
[WhiteFideId "35028561"]
[BlackFideId "24614734"]
[WhiteElo "2464"]
[BlackElo "2345"]
[Result "1-0"]
[Round "01"]
[TimeControl "180+2"]
[Date "2023.05.30"]
[WhiteClock "0:01:13"]
[BlackClock "0:00:42"]

1. e4 e5 2. Nf3 Nc6 3. Bc4 Bc5 4. d3 d6 5. h3 a6 6. c3 Ba7 7. Nbd2 Nf6 8. Nf1 O-O 9. Be3 d5 10. exd5 Nxd5 11. Bxa7 Rxa7 12. Ng3 b5 13. Bxd5 Qxd5 14. O-O Rd8 15. Re1 Qxd3 16. Qxd3 Rxd3 17. Nxe5 Nxe5 18. Rxe5 Be6 19. Ne4 Rd5 20. Rxd5 Bxd5 21. Nc5 g5 22. a4 c6 23. axb5 cxb5 24. Rxa6 Re7 25. Rd6 Re1+ 26. Kh2 Ba2 27. Rd2 Kg7 28. f3 h5 29. Kg3 h4+ 30. Kf2 Rb1 31. Ne4 f6 32. Nd6 Bc4 33. Nxc4 bxc4 34. Ke3 Kg6 35. Kd4 Kf5 36. Kxc4 Kf4 37. b4 f5 38. b5 Ke3 39. Ra2 1-0


[Site "https://www.chess.com"]

[Event "Titled Tuesday Blitz May 30 Early 2023"]
[White "Ryan, Joseph"]
[Black "Kravtsiv, Martyn"]
[WhiteFideId "2500426"]
[BlackFideId "14113147"]
[WhiteElo "2455"]
[BlackElo "2695"]
[Result "0-1"]
[Round "01"]
[TimeControl "180+2"]
[Date "2023.05.30"]
[WhiteClock "0:00:37"]
[BlackClock "0:01:04"]

1. d4 e6 2. e4 d5 3. Nc3 Bb4 4. e5 Ne7 5. a3 Bxc3+ 6. bxc3 c5 7. a4 Nbc6 8. Nf3 Qc7 9. Bd3 Bd7 10. O-O O-O-O 11. Ba3 c4 12. Be2 Ng6 13. Qb1 b6 14. Bd6 Qb7 15. a5 Nxa5 16. Rxa5 bxa5 17. Qa2 Nf4 18. Bxc4 dxc4 19. Qxc4+ Bc6 20. d5 Nxd5 21. Nd4 Kd7 22. Ba3 Rc8 23. Qc5 Ke8 24. Qd6 Qc7 25. Qc5 Ba4 0-1


[Site "https://www.chess.com"]

[Event "Titled Tuesday Blitz May 30 Early 2023"]
[White "Janik, Igor"]
[Black "Erzhanov, Arman"]
[WhiteFideId "1159259"]
[BlackFideId "4138821"]
[WhiteElo "2484"]
[BlackElo "2138"]
[Result "1/2-1/2"]
[Round "01"]
[TimeControl "180+2"]
[Date "2023.05.30"]
[WhiteClock "0:00:23"]
[BlackClock "0:00:37"]

1. e4 d6 2. d4 Nf6 3. Nc3 c6 4. f3 e5 5. Be3 Nbd7 6. Nge2 b5 7. Qd2 Qa5 8. a3 Rb8 9. g4 Nb6 10. Ng3 Nc4 11. Bxc4 bxc4 12. Nd1 Qc7 13. Qf2 a5 14. dxe5 dxe5 15. O-O g6 16. Bc5 Bxc5 17. Qxc5 Qb6 18. Qxb6 Rxb6 19. Rb1 Ke7 20. Ne3 Ba6 21. Rfe1 Rhb8 22. Nd1 a4 23. Ne2 Nd7 24. Nec3 Nc5 25. Kf2 Ke6 26. Re2 Rd8 27. Ne3 Rbb8 28. g5 Rd7 29. h4 Rdb7 30. Ned1 h6 31. gxh6 Rh8 32. Kg3 Rxh6 33. Rd2 Rb8 34. Ne3 Rbh8 35. Ng2 Rb8 36. Rbd1 Ke7 37. Rd6 Bb5 38. Nxb5 cxb5 39. Rc6 Ne6 40. Rd5 f6 41. c3 Rhh8 42. Ra6 Rhd8 43. Ra7+ Ke8 44. Ne3 Nf4 45. Rxd8+ Kxd8 46. Ng4 Rb6 47. Rf7 Nd3 48. Nxf6 Nxb2 49. Kg4 Nd1 50. Rd7+ Kc8 51. Rxd1 Rxf6 52. Rd5 Rf4+ 53. Kg3 b4 54. cxb4 Rf7 55. Rc5+ Rc7 56. Rxc7+ Kxc7 57. Kf2 Kc6 58. Ke3 Kb5 59. f4 exf4+ 60. Kxf4 c3 61. Ke3 Kc4 62. b5 Kxb5 63. Kd3 c2 64. Kxc2 Kc4 65. e5 Kd5 66. Kc3 Kxe5 67. Kb4 Kf4 68. Kxa4 Kg4 69. Kb4 Kxh4 70. a4 g5 71. a5 g4 72. a6 g3 73. a7 g2 74. a8=Q g1=Q 75. Qh8+ Kg3 76. Qg7+ Kf2 77. Qxg1+ Kxg1 1/2-1/2


[Site "https://www.chess.com"]

[Event "Titled Tuesday Blitz May 30 Early 2023"]
[White "Pandey Srishti"]
[Black "Hambleton, Aman"]
[WhiteFideId "35093290"]
[BlackFideId "2606577"]
[WhiteElo "2123"]
[BlackElo "2511"]
[Result "0-1"]
[Round "01"]
[TimeControl "180+2"]
[Date "2023.05.30"]
[WhiteClock "0:00:50"]
[BlackClock "0:00:09"]

1. e4 e6 2. d4 d5 3. e5 c5 4. c3 Nc6 5. Nf3 Qb6 6. a3 Nh6 7. Bd3 Bd7 8. O-O cxd4 9. cxd4 Nxd4 10. Nxd4 Qxd4 11. Nc3 a6 12. Bxh6 gxh6 13. Re1 Bc5 14. Qe2 Rg8 15. Rad1 Qg4 16. Qxg4 Rxg4 17. g3 Rg7 18. Ne2 Ke7 19. Nf4 Rc8 20. Kg2 Ba4 21. Rd2 Bb6 22. Nh5 Rg5 23. Nf6 Ba5 24. b4 Bc7 25. f4 Rg7 26. Nxh7 Rgg8 27. Nf6 Rgd8 28. h4 a5 29. Kf3 axb4 30. axb4 Bb6 31. Ra1 Bc6 32. Ke2 Bd4 33. Rc1 Ba4 34. Rxc8 Rxc8 35. Bh7 Bc3 36. Rd3 Bb5 37. h5 Bxb4 38. Ke3 Bxd3 39. Bxd3 Rc1 40. Ng8+ Kf8 41. Nxh6 Rh1 42. Be2 Ba3 43. Kf2 Bc1 44. Kg2 Re1 45. Kf2 Bd2 46. Ng4 Rh1 47. Nf6 Bc3 48. Kg2 Re1 49. Kf2 Kg7 50. g4 Rh1 51. g5 Bd2 52. h6+ Kh8 53. Kg3 Re1 54. Bf3 b5 55. Bh5 Rg1+ 56. Kf2 Rh1 57. Bxf7 Bxf4 58. Nh5 Rxh5 59. Bxh5 b4 60. g6 Bxh6 61. Bd1 Kg7 62. Bc2 Bf4 63. Ke2 Bxe5 64. Kd2 Kf6 65. Ke2 Ke7 66. Ba4 Kd6 67. Kd3 Bg7 68. Bb3 e5 69. Ke3 Bh6+ 70. Kf3 e4+ 71. Kg4 Ke5 72. Ba4 d4 73. Kg3 Bg7 74. Kf2 d3 75. Ke3 Bh6+ 76. Kf2 Kd4 77. Ke1 Bg7 78. Kd1 e3 79. Bb5 Kc3 80. Bc6 b3 81. Bd5 b2 82. Ba2 Be5 83. Bb1 e2+ 84. Ke1 Bg3# 0-1


[Site "https://www.chess.com"]

[Event "Titled Tuesday Blitz May 30 Early 2023"]
[White "Mischuk, Dmitry"]
[Black "Zaitsev, Alexander"]
[WhiteFideId "14118734"]
[BlackFideId "4164490"]
[WhiteElo "2256"]
[BlackElo "2373"]
[Result "1-0"]
[Round "01"]
[TimeControl "180+2"]
[Date "2023.05.30"]
[WhiteClock "0:01:11"]
[BlackClock "0:00:00"]

1. d4 Nf6 2. c4 e6 3. Nf3 Bb4+ 4. Nbd2 O-O 5. g3 b6 6. Bg2 Bb7 7. O-O d5 8. Ne5 Re8 9. Qa4 Bf8 10. cxd5 exd5 11. Ndf3 c5 12. Bg5 Nbd7 13. Nxd7 Qxd7 14. Qxd7 Nxd7 15. dxc5 bxc5 16. Rfe1 h6 17. Bd2 Nf6 18. Rac1 Ne4 19. Ba5 Rac8 20. Red1 g6 21. Nd2 Bg7 22. Nxe4 dxe4 23. Bc3 Rcd8 24. Bxg7 Kxg7 25. Kf1 Kf6 26. Ke1 Ke5 27. Rxd8 Rxd8 28. Rxc5+ Kd6 29. Ra5 a6 30. e3 f5 31. Bf1 Rc8 32. Kd2 Rc6 33. b4 Ke6 34. Be2 Rd6+ 35. Kc3 Rc6+ 36. Bc4+ Kf6 37. Rc5 Rd6 38. Rc7 Rb6 39. a4 Ba8 40. a5 Rd6 41. Ra7 1-0


[Site "https://www.chess.com"]

[Event "Titled Tuesday Blitz May 30 Early 2023"]
[White "Koutlas, Nikolaos"]
[Black "Fier, Alexandr"]
[WhiteFideId "25827138"]
[BlackFideId "2107139"]
[WhiteElo "2215"]
[BlackElo "2610"]
[Result "0-1"]
[Round "01"]
[TimeControl "180+2"]
[Date "2023.05.30"]
[WhiteClock "0:00:00"]
[BlackClock "0:01:38"]

1. Nf3 Nf6 2. g3 d6 3. Bg2 e5 4. d4 e4 5. Nfd2 d5 6. c4 c6 7. Nc3 Be7 8. O-O O-O 9. f3 exf3 10. Nxf3 dxc4 11. e4 Bg4 12. Be3 Nbd7 13. a4 a5 14. Qe2 Nb6 15. Rad1 Bh5 16. h3 Re8 17. Qf2 Bg6 18. d5 Nbd7 19. dxc6 bxc6 20. e5 Nd5 21. Nxd5 cxd5 22. Rxd5 Qc8 23. Rfd1 Nf8 24. Nd4 Rb8 25. Nb5 Ne6 26. Ba7 Rb7 27. Nd6 Bxd6 28. exd6 Rd7 29. Be3 Bd3 30. Rxa5 Rxd6 31. Rf5 Qd7 32. Rb5 Nd4 33. Rb7 Ne2+ 34. Kh2 Qe6 35. Bc5 Rd7 36. Rb6 Qe5 37. a5 h5 38. a6 h4 0-1


[Site "https://www.chess.com"]

[Event "Titled Tuesday Blitz May 30 Early 2023"]
[White "Kukhmazov, Arsen"]
[Black "Fan_Of_Chucky"]
[WhiteFideId "24108260"]
[WhiteElo "2396"]
[BlackElo "2443"]
[Result "1-0"]
[Round "01"]
[TimeControl "180+2"]
[Date "2023.05.30"]
[WhiteClock "0:00:49"]
[BlackClock "0:00:04"]

1. d4 Nf6 2. c4 c5 3. d5 b5 4. Qc2 b4 5. e4 d6 6. f4 g6 7. Nf3 Bg7 8. e5 dxe5 9. fxe5 Ng4 10. Bd3 Nxe5 11. Nxe5 Bxe5 12. O-O O-O 13. Nd2 Bd4+ 14. Kh1 Nd7 15. Nf3 Bg7 16. Bf4 Nf6 17. Rae1 Re8 18. Ne5 Bd7 19. h3 a5 20. Qf2 Qc8 21. g4 Rf8 22. Bh2 a4 23. Bg1 Ra5 24. Re2 Be8 25. Rfe1 Qa8 26. Qg2 Qc8 27. Nf3 Ra7 28. Rxe7 Rxe7 29. Rxe7 Bd7 30. Ne5 Re8 31. d6 Rxe7 32. dxe7 Be6 33. Qc6 Qxc6+ 34. Nxc6 Bd7 35. Ne5 Be8 36. Bxc5 Nd7 37. Nxd7 Bxd7 38. Bxb4 Bxb2 39. Be4 Be5 40. c5 f5 41. c6 Bc8 42. gxf5 Kf7 43. fxg6+ hxg6 44. Bxg6+ Kxg6 45. e8=Q+ 1-0


[Site "https://www.chess.com"]

[Event "Titled Tuesday Blitz May 30 Early 2023"]
[White "Sai Han Thiha"]
[Black "Gorovets, Andrey"]
[WhiteFideId "13012290"]
[BlackFideId "13504037"]
[WhiteElo "1954"]
[BlackElo "2459"]
[Result "0-1"]
[Round "01"]
[TimeControl "180+2"]
[Date "2023.05.30"]
[WhiteClock "0:00:01"]
[BlackClock "0:00:13"]

1. d4 e6 2. c4 f5 3. Nf3 Nf6 4. Bf4 b6 5. e3 Bb7 6. Be2 g6 7. O-O Bg7 8. Nc3 O-O 9. b3 d6 10. Rc1 Nbd7 11. h3 h6 12. b4 Ne4 13. Nxe4 fxe4 14. Nd2 Bxd4 15. Bxh6 Bg7 16. Bxg7 Kxg7 17. c5 bxc5 18. bxc5 Nxc5 19. Nb3 Nxb3 20. Qxb3 Bd5 21. Qc3+ Kg8 22. Qxc7 Bxa2 23. Bg4 Qxc7 24. Rxc7 Rf7 25. Rfc1 Rxc7 26. Rxc7 a5 27. Re7 a4 28. Bd1 a3 29. Rc7 Bc4 30. Rxc4 a2 31. Rc1 a1=Q 32. Rxa1 Rxa1 0-1


[Site "https://www.chess.com"]